 Dungeon Crawl Stone Soup version 0.20.1-1-g8b1a95d (webtiles) character file.

94 Monsterracer the Insei (level 4, -1/28 HPs)
             Began as an Octopode Transmuter on Aug 9, 2017.
             Slain by an orc wizard
             ... wielding a +0 dagger
              (2 damage)
             ... on level 3 of the Dungeon.
             The game lasted 00:04:41 (2270 turns).

Monsterracer the Insei (Octopode Transmuter)        Turns: 2270, Time: 00:04:42

Health: -1/28      AC:  2    Str:  6 (9)  XL:     4   Next: 63%
Magic:  5/7        EV: 19    Int: 13 (16) God:
Gold:   91         SH:  0    Dex: 15 (17) Spells: 1/7 levels left

rFire    . . .     SeeInvis .     - Unarmed
rCold    . . .     Gourm    .   (shield currently unavailable)
rNeg     . . .     Faith    .   (helmet currently unavailable)
rPois    .         Spirit   .   (no amulet)
rElec    .         Reflect  .   r - ring of poison resistance
rCorr    .         Harm     .   q - ring of teleportation (curse)
MR       .....     Rnd*Tele +   (no ring)
Stlth    +.........             (no ring)
Regen    0.1/turn               (no ring)
MPRegen  0.1/turn               (no ring)
                                (no ring)
                                (no ring)

@: spider-form (expiring)
A: almost no armour, stealthy swim, (amphibious), 8 rings, (constrict 8)
a: End Transformation


You were on level 3 of the Dungeon.
You were hungry.
You were a venomous arachnid creature.
You visited 1 branch of the dungeon, and saw 3 of its levels.

You collected 91 gold pieces.

Inventory:

Missiles
 a - 10 arrows
Armour
 f - a +2 hat (melded)
 n - a +0 buckler
Jewellery
 q - a cursed ring of teleportation (right front leg)
 r - a ring of poison resistance (left front leg)
Scrolls
 e - a scroll of blinking {unknown}
 i - 2 scrolls of remove curse {unknown}
 k - 2 scrolls of teleportation {unknown}
 l - 2 scrolls of identify {unknown}
 p - a scroll of recharging {unknown}
 s - a scroll of enchant weapon {unknown}
Potions
 d - a potion of degeneration
 g - a potion of cancellation {unknown}
 h - a potion of might {unknown}
 j - a potion of ambrosia {unknown}
 m - 3 potions of curing {unknown}
 o - 3 potions of lignification {unknown}
 t - a potion of berserk rage {unknown}
Books
 b - a book of Changes

   Spells                             Type                      Level
   a - Beastly Appendage              Transmutation                1
   b - Sticks to Snakes               Transmutation                2
   c - Spider Form                    Transmutation/Poison         3
   d - Ice Form                       Ice/Transmutation            4
   e - Blade Hands                    Transmutation                5
Comestibles
 c - 2 bread rations


   Skills:
 - Level 1.0 Fighting
 - Level 2.0 Dodging
 + Level 4.2 Unarmed Combat
 - Level 2.0 Spellcasting
 + Level 3.6 Transmutations


You had one spell level left.
You knew the following spells:

 Your Spells              Type           Power        Failure   Level  Hunger
a - Beastly Appendage     Tmut           ##....       17%         1    ##.....
b - Sticks to Snakes      Tmut           ##......     22%         2    ###....
c - Spider Form           Tmut/Pois      #.........   58%         3    ####...


Dungeon Overview and Level Annotations

Branches:
Dungeon (3/15)

Altars:


Innate Abilities, Weirdness & Mutations

You cannot wear most types of armour.
You are very stealthy in the water. (Stealth+)
((You are amphibious.))
You can wear up to eight rings at the same time.
((You can use your tentacles to constrict eight enemies at once.))
((Your skin changes colour to match your surroundings (Stealth+).))
((Your rubbery body absorbs attacks. (AC +1, EV +1)))


Message History

You bite the orc wizard!
The orc wizard is poisoned.
The orc wizard is heavily wounded.
The kobold misses you. The giant cockroach closely misses you.
The orc wizard mumbles some strange words.
The orc wizard flickers and vanishes!
You miss something. The giant cockroach misses you. The kobold misses you.
Something hits you.
* * * LOW HITPOINT WARNING * * *
Huge Dmg: -11%(-3hp) hp: 25%(7hp)
You hit something but do no damage. The giant cockroach misses you.
The kobold misses you. Something hits you.
* * * LOW HITPOINT WARNING * * *
Huge Dmg: -17%(-5hp) hp: 8%(2hp) It was a potion of degeneration.
There was something very wrong with that liquid.
You feel weakened.
You feel dopey.
You feel clumsy. The giant cockroach misses you. The kobold hits you.
* * * LOW HITPOINT WARNING * * *
Something hits you.
You die...

....#..........
....#.#........
..............# #..
............#.. #..
.............
#.............
.##..##....{.)#####.
...........)s.......
...........sK......#
....................
........<...[.......
....................
....................
.........#..........
.........#..#.......
................


You could see a giant cockroach and a kobold.

Vanquished Creatures
  A howler monkey (D:1)
  An orc priest (D:3)
  A dart slug (D:1)
  A leopard gecko (D:1)
  3 orcs
  A giant cockroach (D:2)
  4 goblins
  3 hobgoblins
  4 jackals (D:1)
  3 kobolds
  A quokka (D:2)
  4 bats
  3 frilled lizards
  7 rats
37 creatures vanquished.

Notes
Turn   | Place    | Note
-------+----------+-------------------------------------------
     0 | D:1      | Monsterracer the Octopode Transmuter began the quest for the Orb.
     0 | D:1      | Reached XP level 1. HP: 13/13 MP: 3/3
   413 | D:1      | Reached XP level 2. HP: 10/18 MP: 3/5
   417 | D:1      | HP: 9/18 [jackal (1)]
   441 | D:1      | Learned a level 2 spell: Sticks to Snakes
   894 | D:1      | HP: 9/18 [leopard gecko (3)]
  1410 | D:1      | Noticed a howler monkey
  1421 | D:1      | Killed a howler monkey
  1421 | D:1      | Reached XP level 3. HP: 17/23 MP: 0/6
  1426 | D:1      | Learned a level 3 spell: Spider Form
  1963 | D:2      | Reached skill level 4 in Unarmed Combat
  2012 | D:2      | Reached XP level 4. HP: 28/28 MP: 7/7
  2264 | D:3      | HP: 12/28 [orc priest/club (5)]
  2269 | D:3      | HP: 2/28 [something (6)]
  2270 | D:3      | Slain by an orc wizard

Skill      XL: |  1  2  3 |
---------------+----------+-----
Transmutations | 3 |  3.6
Unarmed Combat | 4 |  4.2
Fighting       | |  1.0
Dodging        | |  2.0
Spellcasting   | |  2.0

Action                   |  1- 3 |  4- 6 || total
-------------------------+-------+-------++-------
Melee: Unarmed           |    68 |    22 ||    90
       Constrict         |    21 |     1 ||    22
       Kick              |     4 |       ||     4
       Tentacles         |     8 |       ||     8
       Punch             |     2 |       ||     2
 Cast: Beastly Appendage |     7 |       ||     7
       Sticks to Snakes  |     2 |       ||     2
       Spider Form       |       |     3 ||     3
  Use: Potion            |       |     1 ||     1
 Stab: Sleeping          |     4 |       ||     4
  Eat: Chunk             |     4 |       ||     4
Armor: Skin              |     9 |     2 ||    11
Dodge: Dodged            |    47 |    34 ||    81
